 Dungeon Crawl Stone Soup version 0.17.0-28-g6e173f8 (console) character file.

5083 Kloppie the Fighter (level 10, -3/95 HPs)
             Began as a Minotaur Fighter on Dec 1, 2015.
             Was a Priest of Okawaru.
             Killed by divine providence
             ... invoked by an orc priest
              (11 damage)
             ... on level 9 of the Dungeon.
             The game lasted 00:14:41 (8968 turns).

Kloppie the Fighter (Minotaur Fighter)              Turns: 8968, Time: 00:14:41

Health: -3/95      AC: 14    Str: 21    XL:     10   Next: 31%
Magic:  9/9        EV: 12    Int:  5    God:    Okawaru [***...]
Gold:   84         SH:  9    Dex: 13    Spells: 0 memorised, 9 levels left

rFire  . . .     SeeInvis .     a - +1 long sword (venom)
rCold  . . .     Clarity  .     x - +1 scale mail of Ikompox {+Inv} (curse)
rNeg   . . .     SustAt   .     c - +0 shield
rPois  .         Gourm    .     (helmet restricted)
rElec  .         Spirit   .     j - +2 cloak
rCorr  .         Warding  .     G - +1 pair of gloves
rMut   .         Stasis   .     w - +0 pair of boots
MR     .....                    b - amulet of inaccuracy (curse)
Stlth  ..........               (no ring)
                                J - ring of wizardry

@: about to teleport, not resistant to hostile enchantments, extremely
unstealthy
A: retaliatory headbutt, horns 2
a: Heroism, Renounce Religion, Evoke Invisibility


You were on level 9 of the Dungeon.
You worshipped Okawaru.
Okawaru was most pleased with you.
You were near starving.

You visited 2 branches of the dungeon, and saw 10 of its levels.

You collected 378 gold pieces.
You spent 294 gold pieces at shops.

Inventory:

Hand Weapons
 a - a +1 long sword of venom (weapon)
Armour
 c - a +0 shield (worn)
 j - a +2 cloak (worn)
 w - a +0 pair of boots (worn)
 x - the cursed +1 scale mail of Ikompox (worn) {+Inv}
   (You bought it in a shop on level 6 of the Dungeon)

   It lets you turn invisible.
   It has a curse placed upon it.
 C - a +0 plate armour
 G - a +1 pair of gloves (worn)
Jewellery
 b - a cursed amulet of inaccuracy (around neck)
 o - an uncursed ring of teleportation
 J - a ring of wizardry (left hand)
Wands
 d - a wand of paralysis (11)
 B - a wand of random effects (8)
 D - a wand of digging (15)
Scrolls
 v - a scroll of blinking
 y - 9 scrolls of identify
Potions
 f - 2 potions of curing
 i - 2 potions of invisibility {unknown}
 l - 3 potions of agility
 m - 2 potions of lignification
 n - 2 potions of haste
 r - 2 potions of berserk rage {unknown}
 s - a potion of mutation {unknown}
 t - 2 potions of flight {unknown}
 u - 3 potions of poison {unknown}
 E - 2 potions of heal wounds {unknown}
 I - a potion of brilliance {unknown}
Books
 A - a book of Conjurations

   Spells                             Type                      Level
   a - Magic Dart                     Conjuration                  1
   b - Searing Ray                    Conjuration                  2
   c - Dazzling Spray                 Conjuration/Hexes            3
   d - Fulminant Prism                Conjuration/Hexes            4
   e - Iskenderun's Mystic Blast      Conjuration                  4
   f - Iskenderun's Battlesphere      Conjuration/Charms           5
Comestibles
 e - 8 bread rations
 g - 2 slices of pizza
 h - 8 fruits
 k - 2 royal jellies
 p - 4 meat rations


   Skills:
 + Level 11.0 Fighting
 + Level 10.8 Long Blades
 - Level 3.6 Armour
 + Level 9.6 Dodging
 - Level 3.6 Shields


You had 9 spell levels left.
You didn't know any spells.

Dungeon Overview and Level Annotations

Branches:
Dungeon (9/15)             Temple (1/1) D:5            Lair (0/8) D:8
    Orc (0/4) D:9

Altars:
Ashenzari
Cheibriados
Dithmenos
Elyvilon
Fedhas
Gozag
Kikubaaqudgha
Makhleb
Nemelex Xobeh
Okawaru
Qazlal
Ru
Sif Muna
Trog
Vehumet
Xom
Yredelemnul
The Shining One

Shops:
D:5 (   D:6 [   D:7 [(*

Annotations:
D:9 Gastronok


Innate Abilities, Weirdness & Mutations

You reflexively headbutt those who attack you in melee.
You have a pair of horns on your head.


Message History

You hit the orc.
The orc is poisoned.
You headbutt the orc.
You kill the orc!
Okawaru accepts your kill.
The orc priest miscasts a cantrip.
The ogre zombie hits you but does no damage.
Your shield and scale mail of Ikompox prevent you from hitting the ogre zombie.
The orc shouts!
You headbutt the ogre zombie!
The orc priest calls down the wrath of Beogh upon you.
Something smites you!
* * * LOW HITPOINT WARNING * * *
You block the ogre zombie's attack.
You hear a shout!
Read which item? (? for menu, Esc to quit)
As you read the scroll of teleportation, it crumbles to dust.
You feel strangely unstable.
The phantom hits you but does no damage.
The orc priest invokes the aid of Beogh against you.
Something smites you!
You die...

#..Z.o.# #.#.#
.##. ###
#.##o.Z.#
#..###Z..# #
#....W.##..# .
###.##oo#
.##.#
#....#.#.....#
..# #W###..###
# #@ZZZ#.#
###Z###.# ###
##


You could see a phantom, an orc priest, an orc, an orc zombie, 3 ogre zombies
and an orc skeleton.

Vanquished Creatures
  Erolcha (D:9)
  A troll (D:8)
  3 hungry ghosts
  2 ice beasts
  4 ogres
  A wasp (D:8)
  4 centaurs
  A phantom (D:7)
  2 necrophages (D:8)
  2 orc warriors
  2 sky beasts
  3 crocodiles (D:8)
  4 giant frogs
  A wyvern skeleton (D:8)
  6 killer bees (D:7)
  An electric eel (D:6)
  5 hounds
  6 crimson imps
  3 orc priests
  5 orc wizards
  A centaur skeleton (D:4)
  5 worker ants
  Jessica (D:3)
  3 iguanas
  20 gnolls
  13 adders
  2 shadow imps (D:5)
  6 worms
  An adder skeleton (D:7)
  27 orcs
  3 ball pythons
  3 hobgoblins (D:1)
  6 jackals
  2 quokkas
  8 bats
  7 giant cockroaches
  5 giant geckos
  5 giant newts
  2 goblins (D:1)
  2 goblin zombies (D:9)
  9 kobolds
  An orc skeleton (D:9)
  4 orc zombies (D:9)
  7 rats
200 creatures vanquished.

Notes
Turn   | Place    | Note
--------------------------------------------------------------
     0 | D:1      | Kloppie the Minotaur Fighter began the quest for the Orb.
     0 | D:1      | Reached XP level 1. HP: 19/19 MP: 0/0
   314 | D:1      | Reached skill level 4 in Fighting
   377 | D:1      | Reached XP level 2. HP: 22/27 MP: 1/1
   410 | D:1      | Reached skill level 1 in Dodging
  1108 | D:2      | Reached XP level 3. HP: 33/33 MP: 2/2
  1369 | D:2      | Found a glowing golden altar of the Shining One.
  1708 | D:3      | Reached XP level 4. HP: 40/40 MP: 3/3
  1745 | D:3      | Noticed Jessica
  1756 | D:3      | Killed Jessica
  2145 | D:3      | Found a sacrificial altar of Ru.
  2146 | D:3      | Found a shimmering altar of Xom.
  2147 | D:3      | Found a bloodstained altar of Trog.
  2214 | D:4      | Reached XP level 5. HP: 26/47 MP: 4/4
  2290 | D:4      | Reached skill level 5 in Fighting
  2424 | D:4      | Reached XP level 6. HP: 38/56 MP: 5/5
  2468 | D:4      | Reached skill level 5 in Long Blades
  2661 | D:4      | Noticed an ogre
  2673 | D:4      | Killed an ogre
  2983 | D:4      | Found a shimmering altar of Xom.
  3131 | D:4      | Reached skill level 6 in Fighting
  3131 | D:4      | Reached XP level 7. HP: 57/63 MP: 6/6
  3390 | D:5      | Entered Level 5 of the Dungeon
  3436 | D:4      | Reached skill level 5 in Dodging
  4058 | D:5      | Found Geph's Weapon Shop.
  4067 | D:5      | Reached skill level 7 in Fighting
  4338 | D:5      | Reached XP level 8. HP: 73/73 MP: 7/7
  4343 | D:5      | Found an opulent altar of Gozag.
  4648 | D:6      | Found Nelin's Antique Armour Boutique.
  4998 | D:5      | Found a staircase to the Ecumenical Temple.
  5003 | Temple   | Entered the Ecumenical Temple
  5097 | Temple   | Became a worshipper of Warmaster Okawaru
  5199 | D:6      | Bought a brightly glowing scale mail for 225 gold pieces
  5209 | D:6      | Identified the cursed +1 scale mail of Ikompox {+Inv} (You bought it in a shop on level 6 of the Dungeon)
  5351 | D:6      | Reached skill level 8 in Fighting
  5716 | D:6      | Found a blossoming altar of Fedhas.
  5910 | D:6      | Found a shattered altar of Ashenzari.
  6475 | D:7      | Reached XP level 9. HP: 70/82 MP: 8/8
  6583 | D:7      | Found Ynehich's Antique Weapon Shoppe.
  6603 | D:7      | Reached skill level 9 in Fighting
  6701 | D:7      | Found Zinyh's Assorted Antiques.
  6742 | D:7      | Reached * piety under Okawaru
  7014 | D:7      | Bought a scroll labeled BIUFFE QIFU for 23 gold pieces
  7014 | D:7      | Bought a scroll labeled NAXECLESSO for 23 gold pieces
  7014 | D:7      | Bought a scroll labeled VEVALO LIYQI for 23 gold pieces
  7304 | D:7      | Found Qayhan's Armour Shop.
  7502 | D:8      | Found a staircase to the Lair.
  7549 | D:8      | Reached skill level 10 in Fighting
  7646 | D:8      | Reached skill level 10 in Long Blades
  7872 | D:8      | Found a stormy altar of Qazlal.
  8034 | D:8      | Reached ** piety under Okawaru
  8090 | D:8      | Found a white marble altar of Elyvilon.
  8401 | D:8      | Reached XP level 10. HP: 45/94 MP: 9/9
  8679 | D:9      | Noticed Erolcha
  8680 | D:9      | Noticed Gastronok
  8690 | D:9      | Killed Erolcha
  8690 | D:9      | Reached *** piety under Okawaru
  8887 | D:9      | Found a staircase to the Orcish Mines.
  8925 | D:9      | Reached skill level 11 in Fighting
  8968 | D:9      | Killed from afar by an orc priest

Action                   |  1- 3 |  4- 6 |  7- 9 | 10-12 || total
-------------------------+-------+-------+-------+-------++-------
Melee: Long sword        |   119 |   145 |   425 |    70 ||   759
  Use: Scroll            |       |     9 |     6 |     3 ||    18
       Potion            |       |       |     2 |     1 ||     3
  Eat: Chunk             |     1 |     7 |    14 |     1 ||    23
       Beef jerky        |       |       |     3 |     5 ||     8
       Bread ration      |       |       |       |     1 ||     1
